[Event "BL 2018-19"]
[Site "Berlin"]
[Date "2019.03.01"]
[Round "9.1"]
[White "Almasi, Zoltan"]
[Black "Piorun, Kacper"]
[Result "1/2-1/2"]
[ECO "A35"]
[WhiteElo "2682"]
[BlackElo "2634"]
[Annotator "ChessBase"]
[PlyCount "84"]
[EventDate "2018.11.10"]
[EventType "team-tourn"]
[EventCountry "GER"]
[SourceTitle "playchess.com"]
[Source "ChessBase"]
[SourceQuality "1"]
[WhiteTeam "Dresden"]
[BlackTeam "SF Berlin"]
[TimeControl "40/6000+30:3000+30"]

1. Nf3 Nf6 2. c4 c5 3. Nc3 Nc6 4. g3 d5 5. cxd5 Nxd5 6. Bg2 g6 7. Qb3 e6 8. O-O Bg7 9. Qb5 Qb6 10. Qc4 O-O 11. d3 Nxc3 12. bxc3 Na5 13. Qh4 Bd7 14. Bf4 f6 15. Rab1 Qa6 16. Bh6 Bxh6 17. Qxh6 Qd6 18. d4 Bc6 19. Rfd1 Rad8 20. h4 Qe7 21. Qf4 cxd4 22. cxd4 Nc4 23. Nd2 Nxd2 24. Rxd2 Bxg2 25. Kxg2 Rf7 26. Qf3 Qd7 27. Rc1 Qd5 28. e4 Qa5 29. Qe3 Qb6 30. Rc5 Rc7 31. Rxc7 Qxc7 32. d5 exd5 33. exd5 b6 34. Qe6+ Kg7 35. d6 Qc6+ 36. f3 Re8 37. Qg4 Qb5 38. Qd4 Re2+ 39. Rxe2 Qxe2+ 40. Kg1 Qe1+ 41. Kh2 Qe2+ 42. Kg1 Qe1+ 1/2-1/2

[Event "BL 2018-19"]
[Site "Berlin"]
[Date "2019.03.01"]
[Round "9.1"]
[White "Leko, Peter"]
[Black "Caruana, Fabiano"]
[Result "1-0"]
[ECO "D37"]
[WhiteElo "2679"]
[BlackElo "2828"]
[Annotator "ChessBase"]
[PlyCount "121"]
[EventDate "2018.11.10"]
[EventType "team-tourn"]
[EventCountry "GER"]
[SourceTitle "playchess.com"]
[Source "ChessBase"]
[SourceQuality "1"]
[WhiteTeam "SF Deizisau"]
[BlackTeam "Baden-Baden"]
[TimeControl "40/6000+30:3000+30"]

1. d4 Nf6 2. c4 e6 3. Nf3 d5 4. Nc3 a6 5. cxd5 exd5 6. Bg5 Be6 7. e3 Nbd7 8. Bd3 h6 9. Bf4 g5 10. Bg3 Nh5 11. Be5 Nhf6 12. Bg3 Nh5 13. Ne2 Nxg3 14. Nxg3 g4 15. Nd2 h5 16. Qc2 c5 17. dxc5 Nxc5 18. O-O Qf6 19. Nb3 Nxd3 20. Qxd3 h4 21. Ne2 Bd6 22. Nbd4 Rc8 23. Rad1 Rc7 24. Qd2 Qe5 25. f4 gxf3 26. Nxf3 Qf5 27. Nfd4 Qe5 28. Nf4 Qe4 29. Rf2 h3 30. g3 Kd7 31. Nf3 Bxf4 32. exf4 Kc8 33. Re1 Qf5 34. Qd4 Rd8 35. Qa7 d4 36. Nxd4 Qd5 37. Nxe6 fxe6 38. a3 Rc6 39. Rfe2 Qb3 40. Qf2 Rd3 41. Qf1 Qb6+ 42. Kh1 Qd4 43. Qxh3 Rd2 44. Qg4 Qd5+ 45. Kg1 Qd4+ 46. Kf1 Qd3 47. Qg8+ Kc7 48. Qg7+ Kb6 49. Qe5 Rcc2 50. Kf2 Rxb2 51. Qxb2+ Rxb2 52. Rxb2+ Ka5 53. Re3 Qd4 54. Rbe2 Ka4 55. Kg2 Qd5+ 56. Rf3 b5 57. g4 a5 58. Re5 Qd1 59. Rxe6 b4 60. axb4 axb4 61. Ree3 1-0

[Event "BL 2018-19"]
[Site "Berlin"]
[Date "2019.03.01"]
[Round "9.2"]
[White "Vachier-Lagrave, Maxime"]
[Black "Kamsky, Gata"]
[Result "0-1"]
[ECO "B46"]
[WhiteElo "2775"]
[BlackElo "2666"]
[Annotator "ChessBase"]
[PlyCount "88"]
[EventDate "2018.11.10"]
[EventType "team-tourn"]
[EventCountry "GER"]
[SourceTitle "playchess.com"]
[Source "ChessBase"]
[SourceQuality "1"]
[WhiteTeam "Baden-Baden"]
[BlackTeam "SF Deizisau"]
[TimeControl "40/6000+30:3000+30"]

1. e4 c5 2. Nf3 Nc6 3. Nc3 e6 4. d4 cxd4 5. Nxd4 a6 6. Be3 Nf6 7. Bd3 Qc7 8. O-O h5 9. h3 b5 10. Qd2 Bb7 11. Rae1 Ne5 12. f4 Nc4 13. Bxc4 Qxc4 14. e5 Ne4 15. Nxe4 Bxe4 16. b3 Qd5 17. Rd1 Rc8 18. Qf2 Qb7 19. Rd2 Bb4 20. Re2 f5 21. exf6 gxf6 22. f5 e5 23. Qg3 d5 24. Ne6 Qf7 25. Bd2 Rg8 26. Qe3 Rxc2 27. Qb6 Qd7 28. Nc7+ Rxc7 29. Bxb4 Qc6 30. Qe3 a5 31. Bxa5 Qc5 32. Qxc5 Rxc5 33. Bb4 Rc6 34. Rb2 Kf7 35. a4 bxa4 36. bxa4 d4 37. a5 d3 38. Rff2 Rc1+ 39. Kh2 Rc2 40. a6 Ra8 41. g4 h4 42. Be1 Rxa6 43. Rd2 Ra1 44. Bxh4 Rd1 0-1

[Event "BL 2018-19"]
[Site "Berlin"]
[Date "2019.03.01"]
[Round "9.2"]
[White "Vocaturo, Daniele"]
[Black "Nisipeanu, Liviu-Dieter"]
[Result "1/2-1/2"]
[ECO "C11"]
[WhiteElo "2630"]
[BlackElo "2674"]
[Annotator "ChessBase"]
[PlyCount "56"]
[EventDate "2018.11.10"]
[EventType "team-tourn"]
[EventCountry "GER"]
[SourceTitle "playchess.com"]
[Source "ChessBase"]
[SourceQuality "1"]
[WhiteTeam "SF Berlin"]
[BlackTeam "Dresden"]
[TimeControl "40/6000+30:3000+30"]

1. e4 e6 2. d4 d5 3. Nc3 Nf6 4. Bg5 dxe4 5. Nxe4 Nbd7 6. Nf3 h6 7. Nxf6+ Nxf6 8. Be3 Bd6 9. Bd3 O-O 10. Qe2 b6 11. O-O-O Bb7 12. Ne5 Nd5 13. Bd2 Qh4 14. Nf3 Qf6 15. Qe4 Qf5 16. Qh4 Qf6 17. Qe4 Qf5 18. Qxf5 exf5 19. Bxf5 Nf4 20. Bxf4 Bxf4+ 21. Kb1 g6 22. Bd3 Rad8 23. c3 c5 24. dxc5 bxc5 25. b3 Rd6 26. Be2 Rfd8 27. Rxd6 Rxd6 28. Rd1 Rxd1+ 1/2-1/2

[Event "BL 2018-19"]
[Site "Berlin"]
[Date "2019.03.01"]
[Round "9.4"]
[White "Tomczak, Jacek"]
[Black "Neef, Maximilian"]
[Result "1/2-1/2"]
[ECO "C11"]
[WhiteElo "2633"]
[BlackElo "2479"]
[Annotator "ChessBase"]
[PlyCount "50"]
[EventDate "2018.11.10"]
[EventType "team-tourn"]
[EventCountry "GER"]
[SourceTitle "playchess.com"]
[Source "ChessBase"]
[SourceQuality "1"]
[WhiteTeam "SF Berlin"]
[BlackTeam "Dresden"]
[TimeControl "40/6000+30:3000+30"]

1. e4 e6 2. d4 d5 3. Nc3 Nf6 4. Bg5 dxe4 5. Nxe4 Be7 6. Bxf6 Bxf6 7. Nf3 O-O 8. Nxf6+ Qxf6 9. Qd3 Nd7 10. Qe4 Qg6 11. Qxg6 hxg6 12. h4 Nf6 13. Ne5 Rd8 14. Rd1 b6 15. Nc6 Rd7 16. Be2 Bb7 17. Bf3 Kh7 18. Rh3 Rd6 19. Ne5 Bxf3 20. Rxf3 Kg8 21. Rc3 Nd5 22. Rf3 Rf8 23. a3 Ne7 24. Rc3 Rc8 25. g3 Rd5 1/2-1/2

[Event "BL 2018-19"]
[Site "Berlin"]
[Date "2019.03.01"]
[Round "9.5"]
[White "Boensch, Uwe"]
[Black "Kraemer, Martin"]
[Result "0-1"]
[ECO "A05"]
[WhiteElo "2553"]
[BlackElo "2582"]
[Annotator "ChessBase"]
[PlyCount "82"]
[EventDate "2018.11.10"]
[EventType "team-tourn"]
[EventCountry "GER"]
[SourceTitle "playchess.com"]
[Source "ChessBase"]
[SourceQuality "1"]
[WhiteTeam "Dresden"]
[BlackTeam "SF Berlin"]
[TimeControl "40/6000+30:3000+30"]

1. Nf3 Nf6 2. c4 e6 3. Nc3 d5 4. d4 dxc4 5. e4 Bb4 6. Bxc4 Nxe4 7. O-O Nxc3 8. bxc3 Be7 9. Re1 O-O 10. Bf4 Nc6 11. h4 Bd6 12. Bd2 Re8 13. a4 h6 14. a5 Bd7 15. Bd3 e5 16. d5 Nb8 17. Qb1 Na6 18. c4 Nc5 19. Bh7+ Kh8 20. Bc3 Qf6 21. Bc2 Bg4 22. Re3 Bxf3 23. Rxf3 Qxh4 24. Qf1 e4 25. Rh3 Qg5 26. Rd1 f5 27. Qe2 Be5 28. Bb4 b6 29. Bxc5 bxc5 30. Ba4 Re7 31. Qe3 Qxe3 32. fxe3 Rb8 33. Bb5 Kh7 34. a6 g5 35. Kf2 f4 36. Rdh1 Rb6 37. Rh5 Rf6 38. Ke2 fxe3 39. Rf1 Rxf1 40. Kxf1 Rf7+ 41. Ke2 Bd4 0-1

[Event "BL 2018-19"]
[Site "Berlin"]
[Date "2019.03.01"]
[Round "9.6"]
[White "Wojtaszek, Radoslaw"]
[Black "Keymer, Vincent"]
[Result "1-0"]
[ECO "D30"]
[WhiteElo "2749"]
[BlackElo "2502"]
[Annotator "ChessBase"]
[PlyCount "61"]
[EventDate "2018.11.10"]
[EventType "team-tourn"]
[EventCountry "GER"]
[SourceTitle "playchess.com"]
[Source "ChessBase"]
[SourceQuality "1"]
[WhiteTeam "Baden-Baden"]
[BlackTeam "SF Deizisau"]
[TimeControl "40/6000+30:3000+30"]

1. d4 d5 2. c4 e6 3. Nf3 Nf6 4. g3 Bb4+ 5. Bd2 Be7 6. Bg2 O-O 7. O-O c6 8. Qc2 Nbd7 9. a4 b6 10. b4 Bb7 11. Na3 c5 12. Qb2 dxc4 13. Nxc4 cxd4 14. Nxd4 Bxg2 15. Kxg2 Rc8 16. Rac1 Ne4 17. Be3 Nb8 18. f3 Nd6 19. Nxd6 Qxd6 20. Nb5 Qd7 21. Rfd1 Qb7 22. Bd4 f6 23. Qb3 Kf7 24. Be3 Rxc1 25. Rxc1 Nc6 26. Qc2 Nxb4 27. Qxh7 Na6 28. Rc4 Rg8 29. Rg4 Kf8 30. Bh6 Bc5 31. Bxg7+ 1-0

[Event "BL 2018-19"]
[Site "Berlin"]
[Date "2019.03.01"]
[Round "9.6"]
[White "Schreiner, Peter"]
[Black "Maiwald, Jens-Uwe"]
[Result "1-0"]
[ECO "A41"]
[WhiteElo "2480"]
[BlackElo "2443"]
[Annotator "ChessBase"]
[PlyCount "119"]
[EventDate "2018.11.10"]
[EventType "team-tourn"]
[EventCountry "GER"]
[SourceTitle "playchess.com"]
[Source "ChessBase"]
[SourceQuality "1"]
[WhiteTeam "SF Berlin"]
[BlackTeam "Dresden"]
[TimeControl "40/6000+30:3000+30"]

1. d4 d6 2. g3 g6 3. Bg2 Bg7 4. Nf3 Nf6 5. O-O O-O 6. b3 c6 7. Bb2 Nbd7 8. Nbd2 Qc7 9. a4 Re8 10. Re1 e5 11. dxe5 dxe5 12. Nc4 Bf8 13. Qc1 e4 14. Nd4 b6 15. Qf4 Qxf4 16. gxf4 Nd5 17. e3 Nb4 18. Ba3 Ba6 19. Bf1 Nf6 20. Red1 Bxc4 21. Bxc4 Rac8 22. c3 Nbd5 23. Bb2 Red8 24. Ba6 Rc7 25. Bf1 Bg7 26. c4 Nb4 27. Bc3 a5 28. Bh3 Ra8 29. Bxb4 axb4 30. Ra2 Bf8 31. Ne2 Ne8 32. Rad2 f5 33. Bg2 Nf6 34. Nd4 Kf7 35. f3 exf3 36. Nxf3 Bc5 37. Ne5+ Ke6 38. Kf2 g5 39. Nxc6 gxf4 40. Nd4+ Bxd4 41. Rxd4 fxe3+ 42. Kxe3 Rg8 43. Bf3 Ke5 44. Re1 f4+ 45. Rxf4 Rg6 46. Rd1 Rh6 47. Bg2 Rxh2 48. Kf3 Rf7 49. Re1+ Kd6 50. Rd1+ Ke5 51. a5 bxa5 52. Ra1 Rh6 53. Rxa5+ Ke6 54. Ra6+ Ke5 55. Ra5+ Ke6 56. Rb5 Rd7 57. Rxb4 Rd3+ 58. Ke2 Rg3 59. Bf3 Ke5 60. Ke3 {[%emt 0:00:20] Kd5 Ke4+} 1-0

[Event "BL 2018-19"]
[Site "Berlin"]
[Date "2019.03.01"]
[Round "9.7"]
[White "Heimann, Andreas"]
[Black "Vallejo Pons, Francisco"]
[Result "1/2-1/2"]
[ECO "C72"]
[WhiteElo "2601"]
[BlackElo "2694"]
[Annotator "ChessBase"]
[PlyCount "79"]
[EventDate "2018.11.10"]
[EventType "team-tourn"]
[EventCountry "GER"]
[SourceTitle "playchess.com"]
[Source "ChessBase"]
[SourceQuality "1"]
[WhiteTeam "SF Deizisau"]
[BlackTeam "Baden-Baden"]
[TimeControl "40/6000+30:3000+30"]

1. e4 e5 2. Nf3 Nc6 3. Bb5 a6 4. Ba4 d6 5. O-O Bd7 6. c4 Nf6 7. Nc3 Nd4 8. Bxd7+ Qxd7 9. d3 Nxf3+ 10. Qxf3 Be7 11. h3 O-O 12. Be3 c6 13. a4 a5 14. d4 Qc7 15. Rac1 g6 16. d5 Nh5 17. Qd1 Rfe8 18. Qd2 Bf8 19. Rfd1 Ng7 20. g4 Be7 21. Kh1 Rad8 22. Rg1 Rd7 23. Ne2 Bh4 24. Rg2 Rc8 25. b3 Rf8 26. Ng1 f5 27. gxf5 gxf5 28. Nf3 Bd8 29. Qd3 f4 30. Bd2 c5 31. Nh2 Rf6 32. Qf3 Rdf7 33. Kg1 Qd7 34. Ng4 Rg6 35. Kf1 Kf8 36. Ke2 Ne8 37. Rcg1 Rfg7 38. Bc3 Qe7 39. Kf1 b6 40. Bd2 1/2-1/2

[Event "BL 2018-19"]
[Site "Berlin"]
[Date "2019.03.01"]
[Round "9.7"]
[White "Tischbierek, Raj"]
[Black "Jakubowski, Krzysztof"]
[Result "0-1"]
[ECO "B47"]
[WhiteElo "2432"]
[BlackElo "2510"]
[Annotator "ChessBase"]
[PlyCount "120"]
[EventDate "2018.11.10"]
[EventType "team-tourn"]
[EventCountry "GER"]
[SourceTitle "playchess.com"]
[Source "ChessBase"]
[SourceQuality "1"]
[WhiteTeam "Dresden"]
[BlackTeam "SF Berlin"]
[TimeControl "40/6000+30:3000+30"]

1. e4 c5 2. Nf3 e6 3. d4 cxd4 4. Nxd4 Nc6 5. Nc3 Qc7 6. Be2 Nf6 7. O-O a6 8. a4 h5 9. h3 Nxd4 10. Qxd4 Bc5 11. Qd3 b6 12. Be3 Bb7 13. Rad1 Rc8 14. Bg5 Bb4 15. Bxf6 gxf6 16. Na2 Be7 17. c4 h4 18. Nc3 Rg8 19. Bg4 Bb4 20. Na2 Bc5 21. Rfe1 Rd8 22. b4 Be7 23. Re2 Rg5 24. Rde1 Qf4 25. Qe3 Bd6 26. Qxf4 Bxf4 27. Nc1 Be5 28. Nd3 a5 29. Nxe5 fxe5 30. Rb2 Bc6 31. Re3 Ke7 32. Bf3 Rgg8 33. Rc3 Rc8 34. Kf1 Rc7 35. Ke1 axb4 36. Rxb4 Ra8 37. Ra3 Rca7 38. Bd1 Ra6 39. f3 Kd6 40. Rb2 Kc5 41. Rd3 Rg8 42. Kf2 f6 43. Rbd2 Rg7 44. Ke3 Ra8 45. Ra2 Rg3 46. Kf2 Rag8 47. Kf1 f5 48. exf5 exf5 49. a5 e4 50. Rb3 b5 51. cxb5 Bxb5+ 52. Be2 Bc6 53. Rc2+ Kd4 54. Rb4+ Ke5 55. Bb5 Ba8 56. f4+ Kxf4 57. Bxd7 Ra3 58. Rf2+ Kg3 59. Rxf5 Kh2 60. Rb2 Rgg3 0-1

[Event "BL 2018-19"]
[Site "Berlin"]
[Date "2019.03.01"]
[Round "9.8"]
[White "Bacrot, Etienne"]
[Black "Kollars, Dmitrij"]
[Result "1/2-1/2"]
[ECO "C50"]
[WhiteElo "2677"]
[BlackElo "2542"]
[Annotator "ChessBase"]
[PlyCount "80"]
[EventDate "2018.11.10"]
[EventType "team-tourn"]
[EventCountry "GER"]
[SourceTitle "playchess.com"]
[Source "ChessBase"]
[SourceQuality "1"]
[WhiteTeam "Baden-Baden"]
[BlackTeam "SF Deizisau"]
[TimeControl "40/6000+30:3000+30"]

1. e4 e5 2. Nf3 Nc6 3. Bc4 Nf6 4. d3 Bc5 5. O-O d6 6. c3 h6 7. Re1 O-O 8. Nbd2 a5 9. Nf1 Be6 10. Bb5 Ne7 11. h3 c6 12. Ba4 Ng6 13. d4 exd4 14. Nxd4 Bd7 15. Bc2 Qb6 16. Ng3 Rfe8 17. f4 Rad8 18. Kh2 Bc8 19. Rb1 d5 20. e5 Ne4 21. Bxe4 dxe4 22. Rxe4 f5 23. Re1 Bxd4 24. cxd4 Qxd4 25. Be3 Qc4 26. Qh5 Kh7 27. Nxf5 Nxf4 28. Qg4 Bxf5 29. Qxf5+ Ng6 30. b3 Qb5 31. a4 Qxe5+ 32. Qxe5 Rxe5 33. Bb6 Rdd5 34. Bc7 Re7 35. Rxe7 Nxe7 36. Re1 Nf5 37. g4 Nh4 38. Re3 Kg8 39. Re8+ Kh7 40. Rb8 Rd2+ 1/2-1/2

[Event "BL 2018-19"]
[Site "Berlin"]
[Date "2019.03.01"]
[Round "9.8"]
[White "Abel, Dennes"]
[Black "Hoffmann, Paul"]
[Result "1/2-1/2"]
[ECO "A40"]
[WhiteElo "2465"]
[BlackElo "2376"]
[Annotator "RC"]
[PlyCount "49"]
[EventDate "2018.11.10"]
[EventType "team-tourn"]
[EventCountry "GER"]
[SourceTitle "playchess.com"]
[Source "ChessBase"]
[SourceQuality "1"]
[WhiteTeam "SF Berlin"]
[BlackTeam "Dresden"]
[TimeControl "40/6000+30:3000+30"]

1. d4 Nf6 2. c4 e6 3. g3 Bb4+ 4. Nd2 d5 5. Bg2 O-O 6. Ngf3 a5 7. O-O Nbd7 8. Qc2 c5 9. cxd5 exd5 10. dxc5 a4 11. Nd4 Bxc5 12. N2f3 Qb6 13. Rd1 Re8 14. e3 Ne4 15. Bd2 Ndf6 16. h3 Bd7 17. Be1 Rac8 18. Qe2 Bd6 19. Rac1 h6 20. Rxc8 Rxc8 21. Nd2 Nc5 22. Nb1 Nce4 23. Nd2 Nc5 24. Nb1 Nce4 25. Nd2 1/2-1/2

[Event "BL 2018-19"]
[Site "Berlin"]
[Date "2019.03.01"]
[Round "9.9"]
[White "Ragger, Markus"]
[Black "Demchenko, Anton"]
[Result "1/2-1/2"]
[ECO "C70"]
[WhiteElo "2701"]
[BlackElo "2679"]
[Annotator "ChessBase"]
[PlyCount "43"]
[EventDate "2018.11.10"]
[EventType "team-tourn"]
[EventCountry "GER"]
[SourceTitle "playchess.com"]
[Source "ChessBase"]
[SourceQuality "1"]
[WhiteTeam "Solingen"]
[BlackTeam "Duesseldorf"]
[TimeControl "40/6000+30:3000+30"]

1. e4 e5 2. Nf3 Nc6 3. Bb5 a6 4. Ba4 Nge7 5. Bb3 d5 6. Nc3 Be6 7. Ng5 Qd7 8. Nxe6 fxe6 9. O-O O-O-O 10. d3 Nd4 11. f4 Nxb3 12. axb3 exf4 13. Bxf4 Nc6 14. exd5 Bc5+ 15. Kh1 exd5 16. Ne2 Rhf8 17. d4 Bd6 18. c3 Rde8 19. Bxd6 Qxd6 20. b4 Rxf1+ 21. Qxf1 Rf8 22. Qe1 1/2-1/2

[Event "BL 2018-19"]
[Site "Berlin"]
[Date "2019.03.01"]
[Round "9.9"]
[White "McShane, Luke J"]
[Black "Tregubov, Pavel V."]
[Result "1/2-1/2"]
[ECO "C42"]
[WhiteElo "2667"]
[BlackElo "2592"]
[Annotator "ChessBase"]
[PlyCount "81"]
[EventDate "2018.11.10"]
[EventType "team-tourn"]
[EventCountry "GER"]
[SourceTitle "playchess.com"]
[Source "ChessBase"]
[SourceQuality "1"]
[WhiteTeam "Werder Bremen"]
[BlackTeam "Muelheim"]
[TimeControl "40/6000+30:3000+30"]

1. e4 e5 2. Nf3 Nf6 3. Nxe5 d6 4. Nf3 Nxe4 5. Nc3 Nxc3 6. dxc3 Be7 7. Be3 Nd7 8. Be2 O-O 9. O-O Bf6 10. a4 a5 11. Nd4 Re8 12. Re1 Ne5 13. f4 Ng6 14. Qd2 c6 15. Bf2 Bd7 16. Rad1 Qc7 17. g3 Rad8 18. c4 Bc8 19. c3 Nf8 20. b4 g6 21. Bf3 Ne6 22. Re2 Nxd4 23. Rxe8+ Rxe8 24. Bxd4 Bxd4+ 25. Qxd4 Qe7 26. bxa5 Bh3 27. Kf2 h5 28. Qd2 Qc7 29. Qxd6 Qxa5 30. Qb4 Qf5 31. Qb2 Bg4 32. Qb1 Qe6 33. Bxg4 Qe3+ 34. Kg2 hxg4 35. Qd3 Qxd3 36. Rxd3 Ra8 37. Rd7 Rxa4 38. Rxb7 Rxc4 39. Rb3 Ra4 40. Rb2 Rc4 41. Rc2 1/2-1/2

[Event "BL 2018-19"]
[Site "Berlin"]
[Date "2019.03.01"]
[Round "9.10"]
[White "Fridman, Daniel"]
[Black "Efimenko, Zahar"]
[Result "1/2-1/2"]
[ECO "E62"]
[WhiteElo "2633"]
[BlackElo "2635"]
[Annotator "ChessBase"]
[PlyCount "41"]
[EventDate "2018.11.10"]
[EventType "team-tourn"]
[EventCountry "GER"]
[SourceTitle "playchess.com"]
[Source "ChessBase"]
[SourceQuality "1"]
[WhiteTeam "Muelheim"]
[BlackTeam "Werder Bremen"]
[TimeControl "40/6000+30:3000+30"]

1. d4 d6 2. Nf3 Nf6 3. g3 g6 4. Bg2 Bg7 5. O-O O-O 6. c4 c6 7. Nc3 Bf5 8. b3 Ne4 9. Bb2 Nxc3 10. Bxc3 Be4 11. e3 Nd7 12. Bh3 c5 13. Rc1 e6 14. Nd2 Bc6 15. b4 b6 16. Nb3 Rc8 17. dxc5 dxc5 18. Bxg7 Kxg7 19. bxc5 Nxc5 20. Nxc5 bxc5 21. Bg2 1/2-1/2

[Event "BL 2018-19"]
[Site "Berlin"]
[Date "2019.03.01"]
[Round "9.10"]
[White "Alekseev, Evgeny"]
[Black "Van Wely, Loek"]
[Result "1/2-1/2"]
[ECO "A36"]
[WhiteElo "2620"]
[BlackElo "2622"]
[Annotator "RC"]
[PlyCount "97"]
[EventDate "2018.11.10"]
[EventType "team-tourn"]
[EventCountry "GER"]
[SourceTitle "playchess.com"]
[Source "ChessBase"]
[SourceQuality "1"]
[WhiteTeam "Duesseldorf"]
[BlackTeam "Solingen"]
[TimeControl "40/6000+30:3000+30"]

1. c4 c5 2. g3 g6 3. Bg2 Bg7 4. Nc3 Nc6 5. d3 h5 6. h3 d6 7. e3 e5 8. Nge2 Nge7 9. a3 O-O 10. Rb1 a5 11. O-O Rb8 12. Bd2 Be6 13. Qb3 f5 14. h4 Kh8 15. Nd5 Nxd5 16. cxd5 Bg8 17. Qb5 Ne7 18. e4 b6 19. b4 axb4 20. axb4 Bf7 21. Bg5 Qc7 22. Rfc1 Be8 23. Qa6 fxe4 24. dxe4 Ng8 25. bxc5 dxc5 26. Nc3 Nh6 27. Rc2 Nf7 28. Rcb2 Nxg5 29. hxg5 Qe7 30. Rxb6 Rxb6 31. Qxb6 Qxg5 32. Qxc5 h4 33. gxh4 Qxh4 34. Rb8 Qf4 35. Ne2 Qd2 36. Ng3 Qd4 37. Rc8 Kh7 38. Qxd4 exd4 39. Bf1 Ba4 40. Rxf8 Bxf8 41. Bd3 Bd6 42. Ne2 Kg7 43. f4 Kf6 44. Kf2 g5 45. e5+ Bxe5 46. fxe5+ Kxe5 47. Bc4 Bc2 48. Nc1 Be4 49. Nd3+ 1/2-1/2

[Event "BL 2018-19"]
[Site "Berlin"]
[Date "2019.03.01"]
[Round "9.11"]
[White "Edouard, Romain"]
[Black "Beerdsen, Thomas"]
[Result "1/2-1/2"]
[ECO "B44"]
[WhiteElo "2636"]
[BlackElo "2474"]
[Annotator "ChessBase"]
[PlyCount "128"]
[EventDate "2018.11.10"]
[EventType "team-tourn"]
[EventCountry "GER"]
[SourceTitle "playchess.com"]
[Source "ChessBase"]
[SourceQuality "1"]
[WhiteTeam "Werder Bremen"]
[BlackTeam "Muelheim"]
[TimeControl "40/6000+30:3000+30"]

1. e4 c5 2. Nf3 e6 3. d4 cxd4 4. Nxd4 Nc6 5. c4 Nf6 6. Nc3 Qc7 7. Ndb5 Qb8 8. Be2 a6 9. Nd4 Bd6 10. Be3 O-O 11. a3 Rd8 12. g3 Bc7 13. O-O h6 14. f4 Bb6 15. b4 d6 16. Kg2 Qa7 17. Nxc6 bxc6 18. Bxb6 Qxb6 19. Qd3 c5 20. Rab1 Bd7 21. Rfd1 Bc6 22. Bf3 cxb4 23. axb4 Rac8 24. Qd4 Qc7 25. Rdc1 Bb7 26. Nd1 e5 27. Qd3 exf4 28. gxf4 d5 29. exd5 Qxf4 30. Rc3 Ng4 31. Bxg4 Qxg4+ 32. Kf1 Rd6 33. Nf2 Rf6 34. Rbc1 Re8 35. R1c2 Re5 36. Re2 Ref5 37. Qe3 Kh7 38. h3 Qg6 39. Qd3 Bc8 40. Ke1 Qg1+ 41. Kd2 Qa1 42. Nd1 Rg6 43. Ra3 Qf6 44. Qc3 Qg5+ 45. Ne3 Re5 46. Qd4 Qe7 47. Qc5 Qe8 48. Ra1 Re4 49. Rae1 Qe5 50. Nc2 Qf4+ 51. Kc3 Qe5+ 52. Kd2 Bf5 53. Qf2 Rg5 54. Qf3 Rxe2+ 55. Rxe2 Qb2 56. Qc3 Qb1 57. Nd4 Bg6 58. Qb3 Qa1 59. Qc3 Qa2+ 60. Nc2 Rg1 61. d6 Qb1 62. Ne1 Qa2+ 63. Nc2 Qb1 64. Ne1 Qa2+ 1/2-1/2

[Event "BL 2018-19"]
[Site "Berlin"]
[Date "2019.03.01"]
[Round "9.11"]
[White "Predojevic, Borki"]
[Black "Berelowitsch, Alexander"]
[Result "1-0"]
[ECO "C09"]
[WhiteElo "2626"]
[BlackElo "2520"]
[Annotator "ChessBase"]
[PlyCount "81"]
[EventDate "2018.11.10"]
[EventType "team-tourn"]
[EventCountry "GER"]
[SourceTitle "playchess.com"]
[Source "ChessBase"]
[SourceQuality "1"]
[WhiteTeam "Solingen"]
[BlackTeam "Duesseldorf"]
[TimeControl "40/6000+30:3000+30"]

1. e4 e6 2. d4 d5 3. Nd2 c5 4. Ngf3 Nc6 5. exd5 exd5 6. Bb5 Qe7+ 7. Be2 Nf6 8. O-O Qc7 9. dxc5 Bxc5 10. Nb3 Be7 11. Bg5 O-O 12. c3 Be6 13. Re1 Rae8 14. Bd3 Bg4 15. h3 Bh5 16. Bxf6 Bxf6 17. Rxe8 Rxe8 18. g4 Bg6 19. Bxg6 hxg6 20. Qxd5 Ne5 21. Nxe5 Rxe5 22. Qf3 a5 23. Nd4 a4 24. Rd1 Kh7 25. Kg2 Qe7 26. a3 Kg8 27. Rd2 Qd7 28. Qd1 Re4 29. Nf3 Qb5 30. Qf1 Qc6 31. Qd3 Re6 32. Qd7 Qxd7 33. Rxd7 b6 34. Ra7 Be7 35. Kf1 Bc5 36. Ra8+ Bf8 37. Rxa4 Rf6 38. Ng5 Rc6 39. Ra8 f6 40. Nf3 Kf7 41. Nd4 1-0

[Event "BL 2018-19"]
[Site "Berlin"]
[Date "2019.03.01"]
[Round "9.13"]
[White "Smeets, Jan"]
[Black "Miedema, David"]
[Result "1-0"]
[ECO "B33"]
[WhiteElo "2602"]
[BlackElo "2381"]
[Annotator "RC"]
[PlyCount "69"]
[EventDate "2018.11.10"]
[EventType "team-tourn"]
[EventCountry "GER"]
[SourceTitle "playchess.com"]
[Source "ChessBase"]
[SourceQuality "1"]
[WhiteTeam "Solingen"]
[BlackTeam "Duesseldorf"]
[TimeControl "40/6000+30:3000+30"]

1. e4 c5 2. Nf3 Nc6 3. d4 cxd4 4. Nxd4 Nf6 5. Nc3 e5 6. Ndb5 d6 7. Bg5 a6 8. Na3 b5 9. Nd5 Be7 10. Bxf6 Bxf6 11. c4 b4 12. Nc2 O-O 13. g3 Bg5 14. h4 Bh6 15. Bh3 Be6 16. Kf1 a5 17. Kg2 Nb8 18. Nce3 Bxe3 19. Nxe3 Na6 20. Bf5 g6 21. Bxe6 fxe6 22. h5 Nc5 23. hxg6 hxg6 24. Rh4 Kg7 25. Qe2 Rh8 26. Rxh8 Qxh8 27. Rh1 Qg8 28. Qg4 Rf8 29. Qh4 Qf7 30. f4 Nxe4 31. Ng4 Qg8 32. fxe5 dxe5 33. Qh6+ Kf7 34. Qe3 Nd6 35. Nh6+ 1-0

[Event "BL 2018-19"]
[Site "Berlin"]
[Date "2019.03.01"]
[Round "9.13"]
[White "Babula, Vlastimil"]
[Black "Hausrath, Daniel"]
[Result "1/2-1/2"]
[ECO "E91"]
[WhiteElo "2538"]
[BlackElo "2493"]
[Annotator "ChessBase"]
[PlyCount "59"]
[EventDate "2018.11.10"]
[EventType "team-tourn"]
[EventCountry "GER"]
[SourceTitle "playchess.com"]
[Source "ChessBase"]
[SourceQuality "1"]
[WhiteTeam "Werder Bremen"]
[BlackTeam "Muelheim"]
[TimeControl "40/6000+30:3000+30"]

1. d4 Nf6 2. c4 g6 3. Nc3 Bg7 4. e4 d6 5. Nf3 O-O 6. Be2 c5 7. O-O Re8 8. h3 cxd4 9. Nxd4 Nc6 10. Be3 Bd7 11. Re1 Nxd4 12. Bxd4 Bc6 13. Qc2 a5 14. Rad1 Qc7 15. b3 Nd7 16. Bxg7 Kxg7 17. Qb2 Kg8 18. Bg4 Nf6 19. Re3 Qb6 20. Be2 Qc5 21. a3 Qe5 22. b4 axb4 23. axb4 Bd7 24. Qc1 Rec8 25. Nd5 Nxd5 26. exd5 Qf6 27. Rf3 Qe5 28. Bf1 e6 29. Re3 Qg7 30. dxe6 1/2-1/2

[Event "BL 2018-19"]
[Site "Berlin"]
[Date "2019.03.01"]
[Round "9.14"]
[White "Zelbel, Patrick"]
[Black "Werle, Jan"]
[Result "0-1"]
[ECO "C03"]
[WhiteElo "2439"]
[BlackElo "2528"]
[Annotator "ChessBase"]
[PlyCount "76"]
[EventDate "2018.11.10"]
[EventType "team-tourn"]
[EventCountry "GER"]
[SourceTitle "playchess.com"]
[Source "ChessBase"]
[SourceQuality "1"]
[WhiteTeam "Muelheim"]
[BlackTeam "Werder Bremen"]
[TimeControl "40/6000+30:3000+30"]

1. e4 e6 2. d4 d5 3. Nd2 Be7 4. Ngf3 Nf6 5. e5 Nfd7 6. Bd3 c5 7. c3 b6 8. O-O Ba6 9. Ne1 Qc8 10. f4 g6 11. g4 Nc6 12. Ndf3 Bxd3 13. Nxd3 c4 14. Nde1 h5 15. h3 b5 16. a3 Nb6 17. Ng2 hxg4 18. hxg4 Qd7 19. Ne3 Na5 20. Bd2 Nb3 21. Rb1 Nxd2 22. Qxd2 O-O-O 23. Kg2 Kb7 24. Qc2 Ka8 25. Rh1 Qc8 26. f5 gxf5 27. gxf5 f6 28. Kf2 fxe5 29. dxe5 exf5 30. Qxf5 Qb7 31. Rxh8 Rxh8 32. Qe6 Rf8 33. Ke2 Bc5 34. Nd4 Qh7 35. Ndf5 Qh2+ 36. Kd1 Rh8 37. Qc6+ Kb8 38. Qxc5 Qh1+ 0-1